 Dungeon Crawl Stone Soup version 0.31-a0-986-g5e6e4ef867 (webtiles) character file.

Game seed: 11852534763849255433

3241 croobank the Covert (level 9, -3/63 HPs)
             Began as an Octopode Delver on Nov 20, 2023.
             Was an Initiate of Ashenzari.
             Slain by a wight
             ... wielding a +1 long sword
              (7 damage)
             ... on level 9 of the Dungeon.
             The game lasted 00:28:35 (8556 turns).

croobank the Covert (Octopode Delver)               Turns: 8556, Time: 00:28:36

Health: -3/63      AC:  1    Str:  9    XL:     9   Next: 99%
Magic:  15/15      EV: 15    Int: 17    God:    Ashenzari [......]
Gold:   308        SH:  0    Dex: 13    Spells: 8/16 levels left

rFire   . . .        k - +1 dagger (elec)
rCold   . . .        (no shield)
rNeg    + . .        (helmet currently unavailable)
rPois   .            t - amulet of Ashenzari's Portent {RegenMP, Dev, Bglg} (curse)
rElec   .            g - ring of positive energy
rCorr   .            j - ring of flight
SInv    .            (no ring)
Will    .....        (no ring)
Stlth   +++++        (no ring)
HPRegen 0.30/turn    (no ring)
MPRegen 0.54/turn    (no ring)
                     (no ring)

%: no passive effects
@: lethally poisoned (-3 -> -30), about to teleport, beast-form, flying, slowed,
very slow
A: beast (slay +0), almost no armour, amphibious, 8 rings, camouflage 1,
gelatinous body 1, (nimble swimmer 1), tentacles, sense surroundings 1, weak 1
a: Begin Untransformation, Renounce Religion, Shatter the Chains


You were on level 9 of the Dungeon.
You worshipped Ashenzari.
Ashenzari was noncommittal.
You were a hulking beast.
You visited 2 branches of the dungeon, and saw 10 of its levels.

You collected 488 gold pieces.
You spent 180 gold pieces at shops.

Inventory:

Hand Weapons
 a - a +0 short sword
 b - a +0 spear
 k - a +1 dagger of electrocution (weapon)
 s - a +0 war axe
 D - a +0 dagger of protection
 J - a +0 trident
Missiles
 l - 8 javelins
 o - 2 datura-tipped darts
 r - a boomerang (quivered)
 y - 10 poisoned darts
Jewellery
 g - a ring of positive energy (left tentacle)
 j - a ring of flight (right tentacle)
 t - the cursed amulet of Ashenzari's Portent (around mantle) {RegenMP, Dev, Bglg}
   (You found it on level 2 of the Dungeon)

   [amulet of magic regeneration]

   RegenMP:   It increases your rate of magic regeneration.
   It has a curse which improves the following skills: Devices: Evocations and
   Shapeshifting.
   Beguiling: Conjurations, Hexes and Translocations.
 B - a ring of ice
 I - a ring of see invisible
Talismans
 v - a beast talisman (active)
Wands
 f - a wand of digging (3)
 q - a wand of iceblast (3)
 A - a wand of flame (27)
 E - a wand of mindburst (3)
Scrolls
 c - 3 scrolls of amnesia
 e - 5 scrolls of teleportation
 x - a scroll of identify
 z - a scroll of blinking
 C - a scroll of revelation
 G - a scroll of vulnerability
Potions
 d - 3 potions of mutation
 h - a potion of resistance
 i - a potion of enlightenment
 m - a potion of ambrosia
 n - 2 potions of attraction
 p - a potion of curing
 u - a potion of haste
 w - a potion of heal wounds
 H - 2 potions of brilliance


   Skills:
 + Level 6.5 Fighting
 + Level 6.0 Short Blades
 + Level 6.0 Dodging
 + Level 10.5 Stealth
 + Level 4.1 Spellcasting
 + Level 2.3(2.7) Translocations
 + Level 4.6 Ice Magic


You had 8 spell levels left.
You knew the following spells:

 Your Spells              Type           Power      Damage    Failure   Level
a - Frozen Ramparts       Ice            38%        1d6       7%          3
b - Ozocubu's Armour      Ice            19%        N/A       7%          3
c - Blink                 Tloc           24%        N/A       8%          2

Your spell library contained the following spells:

 Spells                   Type           Power      Damage    Failure   Level
 Lesser Beckoning         Tloc           24%        N/A       8%          2
 Momentum Strike          Conj/Tloc      16%        3d8       13%         2
 Necrotise                Necr           12%        1d4       16%         1
 Tukima's Dance           Hex            3%         N/A       41%         3
 Vampiric Draining        Necr           3%         2d6       43%         3
 Dimensional Bullseye     Hex/Tloc       4%         N/A       65%         4
 Iskenderun's Mystic Bla  Conj/Tloc      8%         2d4       65%         4
 Petrify                  Tmut/Erth      3%         N/A       83%         4
 Metabolic Englaciation   Hex/Ice        5%         N/A       86%         5
 Agony                    Necr           3%         N/A       99%         5
 Simulacrum               Ice/Necr       5%         N/A       100%        6


Dungeon Overview and Level Annotations

Branches:
Dungeon (9/15)             Temple (1/1) D:7            Lair (0/5) D:8
    Orc: D:9-12

Altars:
Ashenzari
Cheibriados
Dithmenos
Elyvilon
Fedhas
Gozag
Hepliaklqana
Kikubaaqudgha
Makhleb
Nemelex Xobeh
Okawaru
Qazlal
Ru
Sif Muna
Trog
Uskayaw
Vehumet
Wu Jian
Xom
Yredelemnul
Zin
The Shining One

Shops:
D:1 =   D:2 [   D:7 =

Annotations:
D:3 3 runed translucent doors, kaesle's ghost, amateur HOFi
D:8 !death yaks (4?)


Innate Abilities, Weirdness & Mutations

You are a hulking beast.
Your limbs bulge with bestial killing power. (Slay +0)
You cannot wear most types of armour.
You are amphibious.
You can wear up to eight rings at the same time.
Your skin changes colour to match your surroundings (Stealth+).
Your rubbery body absorbs attacks. (AC +1, EV +1)
((You are camouflaged when in or above water. (Stealth+)))
You have tentacles for arms and can constrict up to eight enemies at once.
You passively map a small area around you.
You are weak. (Str -2)


Message History

You squeeze the hornet.
The hornet is severely wounded.
You constrict the hornet, but do no damage.
The hornet closely misses you.
You hit the hornet but do no damage.
The hornet is severely wounded.
You constrict the hornet, but do no damage.
A wight comes into view. It is wielding a +1 halberd.
The hornet barely misses you.
You hit the hornet but do no damage.
The hornet is severely wounded.
You constrict the hornet. The hornet stings you!
You are poisoned.
You suddenly lose the ability to move!
You lose your grip on the hornet.
You feel very sick. The hornet barely misses you.
You feel sick. The hornet stings you.
You are more poisoned.
You feel yourself slow down. The hornet stings you.
You feel as though you will be slow longer.
You can move again.
As you read the scroll of teleportation, it crumbles to dust.
You feel strangely unstable.
You feel very sick. The hornet barely misses you. The water moccasin bites you!
You are more poisoned.
The water moccasin poisons you! The hornet stings you!
* * * LOW HITPOINT WARNING * * *
You feel as though you will be slow longer.
The water moccasin bites you!
* * * LOW HITPOINT WARNING * * *
You feel better. The hornet closely misses you. The water moccasin bites you!
* * * LOW HITPOINT WARNING * * *
You are lethally poisoned!
The water moccasin poisons you! The wight misses you. The hornet stings you.
* * * LOW HITPOINT WARNING * * *
You are more poisoned.
You shrug off the repeated paralysis!
The water moccasin misses you.
The wight hits you with a +1 long sword!
You die...

...
,,..........#
*...
#.######.##
##.. * #.# #.#
#....,##.# #.#
, ....., ..#
#.# ......,#[#
#.# * , *
....##.######.#
* , *,
##.z#........#
,
,#..yh.....####
,......Sz####.#
* .$.....z# #.#
, ........# #.#
...#..... #.# ,
.. ##..#. ..#
#, ..#*# #.# ,
... * #.# , , ,


You could see a hornet, a water moccasin and 3 wights.

Vanquished Creatures
  2 wyverns
  6 yaks (D:8)
  A steam dragon (D:7)
  An orc warrior (D:6)
  An ice beast (D:7)
  2 black bears
  3 ogres
  2 bullfrogs (D:8)
  3 scorpions
  3 howler monkeys (D:8)
  A hound (D:7)
  A jelly (D:5)
  5 orc priests
  4 sleepcaps
  3 iguanas
  Ijyb (D:3)
  7 orc wizards
  2 hell rats (D:8)
  Robin (D:3)
  5 adders
  2 river rats (D:8)
  A shadow imp (D:7)
  A white imp (D:6)
  2 ufetubi (D:5)
  7 worms
  2 dart slugs
  32 orcs
  4 ball pythons
  8 bats
  7 endoplasms
  4 giant cockroaches
  16 goblins
  14 hobgoblins
  3 jackals (D:1)
  13 kobolds
  5 quokkas
  2 frilled lizards (D:1)
  6 rats
183 creatures vanquished.

Notes
Turn   | Place    | Note
-------+----------+-------------------------------------------
     0 | D:5      | croobank the Octopode Delver began the quest for the Orb.
     0 | D:5      | Reached XP level 1. HP: 16/16 MP: 1/1
   261 | D:4      | Reached XP level 2. HP: 21/21 MP: 2/2
   297 | D:4      | Reached skill level 7 in Stealth
   297 | D:4      | Reached XP level 3. HP: 8/26 MP: 3/3
   498 | D:3      | Reached XP level 4. HP: 31/31 MP: 4/4
   666 | D:3      | Noticed Robin
   672 | D:3      | Gained mutation: You are frail. (-10% HP) [potion of
                  | mutation]
   672 | D:3      | Gained mutation: You passively map a small area around you.
                  | [potion of mutation]
   672 | D:3      | Gained mutation: You are weak. (Str -2) [potion of
                  | mutation]
   672 | D:3      | Lost mutation: You are frail. (-10% HP) [potion of
                  | mutation]
   860 | D:4      | Reached XP level 5. HP: 32/37 MP: 5/5
   919 | D:3      | Killed Robin
  1394 | D:3      | Noticed a black bear
  1758 | D:1      | Found a faded altar of an unknown god.
  2488 | D:1      | Found Zuerra's Jewellery Shop.
  2768 | D:2      | Learned a level 3 spell: Frozen Ramparts
  2775 | D:2      | Found Laghap's Armour Emporium.
  3239 | D:3      | Killed a black bear
  3240 | D:3      | Reached XP level 6. HP: 32/43 MP: 6/6
  3261 | D:3      | Found a runed translucent gate.
  3269 | D:3      | Noticed kaesle's ghost (amateur HOFi)
  3299 | D:3      | Noticed Ijyb
  3313 | D:3      | Killed Ijyb
  3314 | D:3      | Reached skill level 8 in Stealth
  3404 | D:3      | Found a runed translucent gate.
  3404 | D:3      | Found a runed translucent gate.
  3577 | D:4      | Reached skill level 1 in Spellcasting
  3577 | D:4      | Reached skill level 1 in Ice Magic
  3582 | D:4      | Reached XP level 7. HP: 49/49 MP: 8/8
  5213 | D:6      | Reached XP level 8. HP: 54/54 MP: 11/11
  5333 | D:6      | Reached skill level 5 in Fighting
  5827 | D:6      | Reached skill level 9 in Stealth
  6447 | D:7      | Learned a level 3 spell: Ozocubu's Armour
  6500 | D:7      | Reached skill level 5 in Short Blades
  6500 | D:7      | Reached skill level 5 in Dodging
  6554 | D:7      | Found a staircase to the Ecumenical Temple.
  6563 | Temple   | Entered the Ecumenical Temple
  6581 | Temple   | Became a worshipper of Ashenzari the Shackled
  6626 | D:7      | Noticed a wyvern
  6638 | D:7      | Killed a wyvern
  6639 | D:7      | Reached XP level 9. HP: 8/62 MP: 13/13
  6948 | D:7      | Found Nacomy's Jewellery Boutique.
  6958 | D:7      | Bought a ring of see invisible for 180 gold pieces
  7119 | D:7      | Found a sparkling altar of Nemelex Xobeh.
  7300 | D:8      | Noticed a death yak
  7306 | D:8      | Learned a level 2 spell: Blink
  7439 | D:8      | Noticed a death yak
  7679 | D:8      | Found a staircase to the Lair.
  7681 | D:8      | Noticed a death yak
  7804 | D:8      | Reached skill level 10 in Stealth
  7804 | D:8      | Reached skill level 1 in Translocations
  8546 | D:9      | Noticed a hornet
  8552 | D:9      | Paralysed by a hornet for 2 turns
  8556 | D:9      | Slain by a wight

Illustrated notes

Levels and vault maps discovered:
D:1:      dpeg_arrival_boxes_within_box, layout_basic, serial_shops,
          nicolae_diamond_shop, serial_forest, infiniplex_forest_clump_curved,
          infiniplex_forest_pool, infiniplex_forest_lined_2,
          infiniplex_forest_clump_double, infiniplex_forest_clump_curved,
          infiniplex_forest_lined_2, infiniplex_forest_zigzag_1,
          infiniplex_forest_lined_2, basic_ecumenical_altar
D:2:      layout_loops_ring, serial_shops, shop, nicolae_twisty_statue_hallways
D:3:      layout_basic, serial_rivers, chequers_serial_rivers_marsh,
          chequers_serial_rivers_micro_e, chequers_serial_rivers_micro_e,
          chequers_serial_rivers_micro_a, chequers_serial_rivers_small_a,
          chequers_serial_rivers_large_b, gammafunk_ghost_split, uniq_ijyb,
          uniq_robin
D:4:      layout_cave_pools, guppyfry_early_orc_mine
D:5:      layout_gridville
D:6:      corexii_shack_village, layout_loops_ring,
          mainiacjoe_sewer_entry_somewhere_in_here_2
D:7:      layout_rooms, kennysheep_little_box, minmay_temple_entry_antechambers,
          serial_shops, nicolae_shop_gibbet_a_chance
D:8:      layout_basic, dpeg_lair_monsters
D:9:      nicolae_cairo_tiling_large_dashed, layout_loops_ring,
          kennysheep_orc_monster_closet_entryway
Temple:   compressed_dpeg_circular_temple

Skill      XL: |  1  2  3  4  5  6  7  8  9 |
---------------+----------------------------+-----
Stealth        | 7 8 9 10 | 10.5
Dodging        | 3 4 5 6 |  6.0
Short Blades   | 3 4 5 6 |  6.0
Fighting       | 4 5 6 |  6.5
Spellcasting   | 1 2 3 4 |  4.1
Ice Magic      | 1 2 3 4 |  4.6
Translocations | 2 |  2.3

Action                     |  1- 3 |  4- 6 |  7- 9 || total
---------------------------+-------+-------+-------++-------
  Melee: Short sword       |    30 |   172 |    19 ||   221
         Constrict         |     8 |    33 |    44 ||    85
         Tentacles         |     7 |    28 |    53 ||    88
         Punch             |       |     3 |     4 ||     7
         Dagger            |       |       |   209 ||   209
  Throw: Dart              |       |    15 |     2 ||    17
         Boomerang         |       |       |    11 ||    11
   Cast: Frozen Ramparts   |       |       |     3 ||     3
         Ozocubu's Armour  |       |       |     2 ||     2
 Invoke: Curse Item        |       |       |     1 ||     1
  Evoke: Wand              |       |     3 |    16 ||    19
    Use: Scroll            |     3 |     7 |     9 ||    19
         Potion            |     1 |     2 |     2 ||     5
   Stab: Sleeping          |     2 |    25 |    25 ||    52
         Distracted        |       |     1 |     3 ||     4
 Armour: Skin              |    14 |    67 |    88 ||   169
  Dodge: Dodged            |    16 |   107 |   107 ||   230
   Form: Beast             |       |       |     1 ||     1

Table legend: (Time is in decaauts)
 A = Elapsed time spent in this place.
 B = Non-inter-level travel time spent in this place.
 C = Inter-level travel time spent in this place.
 D = Time resting spent in this place.
 E = Time spent auto-exploring this place.
 F = Levels seen in this place.
 G = Mean time per level.
                   A        B        C        D        E       F      G
               +--------+--------+--------+--------+--------+-----+--------+
         Total |   8448 |   8206 |    242 |   2214 |   4162 |  10 |  844.8 |
       Dungeon |   8411 |   8187 |    224 |   2214 |   4162 |   9 |  934.6 |
        Temple |     36 |     18 |     18 |      0 |      0 |   1 |   36.0 |
               +--------+--------+--------+--------+--------+-----+--------+

Top non-repeatable levels by time:
     D:6: 1380 daAuts
     D:3: 1168 daAuts
     D:1: 1090 daAuts
     D:4: 1085 daAuts
     D:8: 1004 daAuts
     D:5: 966 daAuts
     D:7: 942 daAuts
     D:2: 645 daAuts
     D:9: 127 daAuts
  Temple: 36 daAuts
